 Dungeon Crawl Stone Soup version 0.29.1-13-g9f3cf754e1 (webtiles) character file.

Game seed: 16338637261437358945

1555 rddays123 the Fighter (level 8, -14/79 HPs)
             Began as a Minotaur Fighter on Jan 24, 2023.
             Was a Follower of Trog.
             Killed from afar by an acid dragon (24 damage)
             ... with a splash of acid
             ... on level 6 of the Dungeon.
             The game lasted 00:19:25 (5768 turns).

rddays123 the Fighter (Minotaur Fighter)            Turns: 5768, Time: 00:19:26

Health: -14/79     AC: -2    Str: 23    XL:     8   Next: 58%
Magic:  7/7        EV:  9    Int:  5    God:    Trog [*.....]
Gold:   317        SH:  4    Dex: 10    Spells: 7/7 levels left

rFire   . . .      SeeInvis .   a - +0 war axe
rCold   . . .      Faith    .   c - +0 buckler
rNeg    + . .      Spirit   .   b - +0 scale mail
rPois   .          Reflect  .   (helmet restricted)
rElec   .          Harm     .   (no cloak)
rCorr   .          Rampage  .   (no gloves)
Will    ++...                   (no boots)
Stlth   ..........              (no amulet)
HPRegen 0.23/turn               o - ring of willpower
MPRegen 0.10/turn               B - ring of positive energy

@: about to teleport, corroded
A: horns 2, retaliatory headbutt, talons 1, iridescent scales 1, strong-willed 1
a: Renounce Religion, Berserk


You were on level 6 of the Dungeon.
You worshipped Trog.
Trog was aware of your devotion.
You visited 2 branches of the dungeon, and saw 7 of its levels.

You collected 460 gold pieces.
You spent 143 gold pieces at shops.

Inventory:

Hand Weapons
 a - a +0 war axe (weapon)
 x - a +0 morningstar
Armour
 b - a +0 scale mail (worn)
 c - a +0 buckler (worn)
 i - a +0 pair of boots
Jewellery
 o - a ring of willpower (left hand)
 B - a ring of positive energy (right hand)
Wands
 q - a wand of charming (12)
 s - a wand of digging (4)
Scrolls
 f - 2 scrolls of magic mapping
 h - a scroll of brand weapon {unknown}
 j - 3 scrolls of teleportation
 m - a scroll of enchant weapon {unknown}
 r - a scroll of blinking {unknown}
 u - a scroll of amnesia {unknown}
 w - 2 scrolls of identify
 y - a scroll of summoning {unknown}
 z - a scroll of acquirement {unknown}
 A - 2 scrolls of silence {unknown}
Potions
 d - a potion of might
 e - 3 potions of attraction {unknown}
 g - a potion of ambrosia
 k - 2 potions of cancellation
 l - a potion of brilliance
 n - 5 potions of curing
 p - 2 potions of degeneration {unknown}
 v - a potion of haste {unknown}


   Skills:
 + Level 9.8 Fighting
 + Level 9.4 Axes
 - Level 3.8 Armour
 - Level 3.8 Shields


You had 7 spell levels left.
You didn't know any spells.
Your spell library contained the following spells:

 Spells                   Type           Power      Damage    Failure   Level
 Freeze                   Ice            0%         1d3       86%         1
 Frozen Ramparts          Ice            0%         1d1       99%         3
 Ignite Poison            Fire/Tmut/Pois 0%         N/A       99%         3
 Mephitic Cloud           Conj/Pois/Air  0%         N/A       99%         3
 Hailstorm                Conj/Ice       0%         3d3       100%        4
 Freezing Cloud           Conj/Ice/Air   0%         6-21      100%        5


Dungeon Overview and Level Annotations

Branches:
Dungeon (6/15)             Temple (1/1) D:4

Altars:
Ashenzari
Cheibriados
Elyvilon
Fedhas
Hepliaklqana
Makhleb
Nemelex Xobeh
Okawaru
Qazlal
Ru
Sif Muna
Trog
Uskayaw
Vehumet
Xom
Yredelemnul
The Shining One

Shops:
D:4 :(*(!


Innate Abilities, Weirdness & Mutations

You have a pair of horns on your head.
You reflexively headbutt those who attack you in melee.
You have sharp toenails.
You are partially covered in iridescent scales. (AC +2)
You are strong-willed. (Will+)


Message History

You headbutt the ufetubus.
You kill the ufetubus!
Trog accepts your kill.
You enter the shallow water.
Moving in this stuff is going to be slow.
An acid dragon comes into view.
The acid dragon roars!
The acid dragon spits acid at you. The splash of acid hits you!
The acid corrodes you!
You enter the shallow water.
Moving in this stuff is going to be slow.
The acid dragon spits acid at you. The splash of acid hits you!
The acid corrodes you!
You enter the shallow water.
Moving in this stuff is going to be slow.
The acid dragon spits acid at you. The splash of acid hits you!!
The acid corrodes you!
You feel much better.
Okay, then.
You fail to use your ability.
You hit the acid dragon but do no damage.
You claw the acid dragon.
The acid dragon is lightly wounded.
The acid dragon spits acid at you. The splash of acid hits you!!
You barely miss the acid dragon. Your headbutt misses the acid dragon.
You block the acid dragon's attack. The acid dragon claws you.
You hit the acid dragon but do no damage.
You claw the acid dragon, but do no damage.
You headbutt the acid dragon, but do no damage.
The acid dragon spits acid at you. The splash of acid hits you!!
* * * LOW HITPOINT WARNING * * *
The acid corrodes you!
Okay, then.
As you read the scroll labelled VOJACI SIBBIGA, it crumbles to dust.
You feel strangely unstable.
It was a scroll of teleportation.
The acid dragon spits acid at you. The splash of acid hits you!!
You die...

#.##### #>##...##.#####...# #.
#.# #.##.#.##.........# #. #.#
#.##...#########..#####. #.#
#.##...######........##. #.#
##########.....#........#.. #.#
##....~~~~####...........#..
#.###.########~###..............
#.##~## .P..≈##D#............##.
#<##~# ..P~≈≈#@#...............
#.##~# ..~/.S#.##...........###
##.##.#+ .P.$≈≈#~##.......#####
....#..# ..~[≈##~##.......#
##.###D# ########~##.#.#### ##.#
#~~# .P.~≈##~#.#.## ##.####~#
.P~$≈S#~#.#..######### ##....#~#
..P$$S#.#.#...)......# #####.#.#
..~.≈S#.#.#..#######.#


You could see an acid dragon (catching breath) and an electric eel.

Vanquished Creatures
  2 black bears (D:5)
  A sky beast (D:6)
  2 ice beasts
  A phantom (D:4)
  2 scorpions
  5 hounds
  A gnoll bouda (D:1)
  2 jellies
  6 orc priests
  3 iguanas
  Terence (D:1)
  6 orc wizards
  3 gnolls
  12 adders
  An ufetubus (D:6)
  3 worms
  19 orcs
  6 endoplasms
  2 giant cockroaches
  6 hobgoblins
  4 kobolds
  3 quokkas
  3 ball pythons
  6 bats
  2 frilled lizards
  6 goblins
  9 rats
117 creatures vanquished.

Vanquished Creatures (others)
  An orc wizard (D:6)
1 creature vanquished.

Grand Total: 118 creatures vanquished

Notes
Turn   | Place    | Note
-------+----------+-------------------------------------------
     0 | D:1      | rddays123 the Minotaur Fighter began the quest for the Orb.
     0 | D:1      | Reached XP level 1. HP: 19/19 MP: 0/0
   434 | D:1      | Reached XP level 2. HP: 27/27 MP: 1/1
   555 | D:1      | Found a faded altar of an unknown god.
   659 | D:2      | Noticed Terence
   745 | D:1      | Killed Terence
   746 | D:1      | Reached XP level 3. HP: 10/34 MP: 2/2
   981 | D:1      | Reached XP level 4. HP: 28/41 MP: 3/3
  1087 | D:2      | Reached skill level 5 in Fighting
  1780 | D:2      | Gained mutation: You are partially covered in iridescent
                  | scales. (AC +2) [potion of mutation]
  1780 | D:2      | Gained mutation: You have hidden genetic potential. [potion
                  | of mutation]
  1858 | D:3      | Reached XP level 5. HP: 48/48 MP: 4/4
  1883 | D:3      | Reached skill level 5 in Axes
  1935 | D:3      | Found Lufiel's Assorted Antiques.
  2021 | D:3      | Gained mutation: You have sharp toenails. [hidden
                  | potential]
  2264 | D:3      | Reached XP level 6. HP: 48/57 MP: 5/5
  2615 | D:3      | Gained mutation: You are strong-willed. (Will+) [hidden
                  | potential]
  2615 | D:3      | Lost mutation: You have hidden genetic potential. [hidden
                  | potential expressed]
  2706 | D:4      | Found a shimmering blue altar of Sif Muna.
  2773 | D:4      | Found Jomuej Ycsy's Book Shop.
  2901 | D:4      | Found Hyproug's Assorted Antiques.
  2989 | D:4      | Reached XP level 7. HP: 56/66 MP: 6/6
  3041 | D:4      | Found Seree's Weapon Shop.
  3094 | D:4      | Found a staircase to the Ecumenical Temple.
  3103 | Temple   | Entered the Ecumenical Temple
  3210 | Temple   | Became a worshipper of Trog the Wrathful
  3228 | D:4      | Found Ydosog's Antique Weapon Emporium.
  3263 | D:4      | Found Osudass's Distillery.
  3268 | D:4      | Bought a potion of heal wounds for 65 gold pieces
  3268 | D:4      | Bought 2 potions of curing for 78 gold pieces
  3285 | D:4      | Found a radiant altar of Vehumet.
  3651 | D:5      | Entered Level 5 of the Dungeon
  4169 | D:5      | Found a stormy altar of Qazlal.
  4571 | D:5      | Found an iron altar of Okawaru.
  4576 | D:5      | Reached * piety under Trog
  4577 | D:5      | Reached XP level 8. HP: 75/75 MP: 7/7
  4625 | D:5      | Found a sacrificial altar of Ru.
  5768 | D:6      | Killed from afar by an acid dragon

Illustrated notes

Levels and vault maps discovered:
D:1:      dpeg_arrival_boxes_within_box, layout_rooms,
          shapermc_ecumenical_altar_ellora, minmay_stone_trees_small,
          minmay_split_cup_small
D:2:      layout_rooms, st_stairs_13, minmay_misc_feat_encased, uniq_terence
D:3:      layout_loops_ring, serial_shops, shop, minivault_14
D:4:      layout_basic, mainiacjoe_overflow_paths, vehumet_crystals,
          minmay_temple_entry_antechambers, serial_shops, nicolae_shop_crystal,
          kennysheep_little_box, nicolae_shop_crystal, shop,
          nicolae_diamond_shop
D:5:      layout_gridville, grunt_qazlal_clouds, amcnicky_altar_gilded,
          okawaru_ov_weapons_minmay
D:6:      cheibrodos_two_vegetables, layout_loops_ring,
          hangedman_abyss_or_decor_stabs, grunt_decor_one_mirror,
          hangedman_decor_growths, hangedman_decor_riveting,
          minmay_misc_feat_room
Temple:   hellmonk_temple_two_chambers

Skill      XL: |  1  2  3  4  5  6  7  8 |
---------------+-------------------------+-----
Fighting       | 4 5 6 7 8 9 |  9.8
Axes           | 3 4 5 6 8 9 |  9.4
Armour         | |  3.8
Shields        | |  3.8

Action                   |  1- 3 |  4- 6 |  7- 9 || total
-------------------------+-------+-------+-------++-------
Melee: War axe           |    37 |   126 |   104 ||   267
       Headbutt          |     6 |    12 |    15 ||    33
       Kick              |       |     8 |    29 ||    37
  Use: Scroll            |       |     5 |     1 ||     6
       Potion            |       |     1 |     1 ||     2
Armor: Scale mail        |    16 |    59 |    54 ||   129
Dodge: Dodged            |    12 |    41 |    49 ||   102
Block: Buckler           |    10 |    24 |    19 ||    53
